 Dungeon Crawl Stone Soup version 0.28.0-53-g5a82cb258f (webtiles) character file.

Game seed: 2166794090778149907

43810 MisterFreud the Nimble (level 13, -4/135 HPs)
             Began as a Green Draconian Transmuter on July 20, 2022.
             Was an Elder of Ru.
             Slain by a spriggan rider
             ... wielding a +0 spear
              (20 damage)
             ... while paralysed by a hornet
             ... on level 6 of the Lair of Beasts.
             The game lasted 00:33:02 (21750 turns).

MisterFreud the Nimble (DrTm)                      Turns: 21750, Time: 00:33:03

Health: -4/135     AC:  7    Str: 13    XL:     13   Next: 92%
Magic:  19/19      EV:  1    Int: 17    God:    Ru [****..]
Gold:   337        SH:  0    Dex: 19    Spells: 10/20 levels left

rFire   x . .      SeeInvis .     - Unarmed
rCold   + + +      Faith    .   (shield currently unavailable)
rNeg    . . .      Spirit   .   (armour unavailable)
rPois   +          Reflect  .   (helmet currently unavailable)
rElec   .          Harm     .   (cloak currently unavailable)
rCorr   .          Rampage  .   (gloves currently unavailable)
Will    .....                   (boots currently unavailable)
Stlth   ++........              j - amulet of regeneration
HPRegen 1.12/turn               a - +4 ring of slaying
MPRegen 0.16/turn               y - +6 ring of dexterity

@: paralysed, ice-form (expiring), slowed
A: freezing attack, amphibious, boosted hp, (breathe noxious fumes), AC +8,
large, unfitting armour, (poison resistance), (cold-blooded), hated by all, no
fire magic, no hexes magic, no necromancy magic, unskilled 1
a: End Transformation, Renounce Religion, Draw Out Power, Power Leap


You were on level 6 of the Lair of Beasts.
You worshipped Ru.
Ru was greatly pleased with you.
You were a creature of crystalline ice.
You visited 3 branches of the dungeon, and saw 19 of its levels.

You collected 1273 gold pieces.
You spent 936 gold pieces at shops.

Inventory:

Missiles
 c - 31 poisoned darts
 q - 5 boomerangs
 r - a curare-tipped dart
 w - 2 throwing nets
 D - 3 atropa-tipped darts
 S - 5 javelins
Armour
 d - a +1 pair of gloves (melded)
 i - a +0 cloak (melded)
 k - a +2 pair of boots (melded)
Jewellery
 a - a +4 ring of slaying (left front paw)
 j - an amulet of regeneration (around neck)
 n - a ring of protection from cold
 x - a ring of magical power
 y - a +6 ring of dexterity (right front paw)
 C - a ring of magical power
 H - a ring of wizardry
 U - a ring of protection from fire
Wands
 m - a wand of flame (67)
 o - a wand of polymorph (18)
 s - a wand of mindburst (10)
 t - a wand of acid (15)
 B - a wand of iceblast (8)
 L - a wand of digging (9)
Scrolls
 l - 3 scrolls of fear
 p - 7 scrolls of teleportation
 E - a scroll of enchant weapon
 F - 2 scrolls of brand weapon
 G - a scroll of identify
 K - a scroll of amnesia
 M - 3 scrolls of fog
 N - 3 scrolls of blinking
Potions
 b - 2 potions of heal wounds
 e - 3 potions of brilliance
 f - 9 potions of curing
 g - 3 potions of flight
 h - a potion of ambrosia
 u - 2 potions of mutation
 v - 4 potions of lignification
 z - 2 potions of attraction
 A - 2 potions of magic
 I - 2 potions of haste
 J - a potion of might
 O - 2 potions of invisibility
 P - a potion of cancellation
 Q - a potion of berserk rage
 R - 2 potions of resistance
Miscellaneous
 T - a lightning rod (4/4)


   Skills:
 - Level 10.0 Fighting
 + Level 14.2 Dodging
 + Level 13.3 Unarmed Combat
 - Level 4.0 Spellcasting
 - Level 8.0 Transmutations
 - Level 4.0 Ice Magic


You had 10 spell levels left.
You knew the following spells:

 Your Spells              Type           Power      Damage    Failure   Level
a - Beastly Appendage     Tmut           60%        N/A       1%          1
b - Wereblood             Tmut           30%        N/A       1%          2
c - Spider Form           Tmut/Pois      17%        N/A       9%          3
d - Ice Form              Ice/Tmut       23%        N/A       13%         4

Your spell library contained the following spells:

 Spells                   Type           Power      Damage    Failure   Level
 Passwall                 Tmut/Erth      14%        N/A       4%          2
 Sandblast                Erth           6%         2d5       16%         1
 Blink                    Tloc           6%         N/A       24%         2
 Poisonous Vapours        Pois/Air       6%         N/A       24%         2
 Lesser Beckoning         Tloc           3%         N/A       43%         3
 Stone Arrow              Conj/Erth      6%         3d7       43%         3
 Hailstorm                Conj/Ice       10%        3d5       56%         4
 Olgreb's Toxic Radiance  Pois           3%         N/A       83%         4
 Manifold Assault         Tloc           3%         N/A       99%         5
 Ozocubu's Refrigeration  Ice            8%         4d6       100%        7
 Storm Form               Tmut/Air       8%         N/A       100%        7
 Lehudib's Crystal Spear  Conj/Erth      1%         10d2      100%        8
 Maxwell's Capacitive Co  Air            1%         ∞         100%        8
 Corpse Rot               Necr/Air       Unusable   N/A       N/A         2
 Animate Armour           Summ/Erth      Unusable   N/A       N/A         4
 Summon Lightning Spire   Summ/Air       Unusable   N/A       N/A         4
 Simulacrum               Ice/Necr       Unusable   N/A       N/A         6
 Ignition                 Fire           Unusable   3d3       N/A         8

Dungeon Overview and Level Annotations

Branches:
Dungeon (12/15)            Temple (0/1) D:7            Lair (6/6) D:9
  Swamp (1/4) Lair:2       Spider (0/4) Lair:4          Orc (0/2) D:12
  Slime: Lair:5-6

Altars:
Dithmenos
Elyvilon
Gozag
Hepliaklqana
Nemelex Xobeh
Okawaru
Qazlal
Ru
Trog
Uskayaw
Vehumet
Yredelemnul
Zin
The Shining One

Shops:
D:7 =

Annotations:
D:10 2 runed translucent doors, exclusion: moth of wrath, MisterFreud's ghost, novice GnDe
D:12 3 runed translucent doors, Qihutwil's ghost, novice PaEE; Waash's ghost, journeyman DECj; Ycigyrier's ghost, journeyman HOFi; diceflayer's ghost, journeyman MiFi
Lair:4 3 runed translucent doors, Plog's ghost, journeyman GrBe
Lair:5 exclusion: oklob plant


Innate Abilities, Weirdness & Mutations

You are a creature of crystalline ice.
You have a powerful freezing melee attack.
You are amphibious.
Your maximum health is increased.
Your armour is entirely melded.
You are incapable of wielding weapons or throwing items.
((You can breathe blasts of noxious fumes.))
((Your lurid green scales are hard. (AC +8)))
You cannot fit into any form of body armour.
((Your system is resistant to poisons. (rPois)))
((You are cold-blooded and may be slowed by cold attacks.))
You are hated by all.
You cannot study or cast Fire magic.
You cannot study or cast Hexes magic.
You cannot study or cast Necromancy magic.
You are somewhat unskilled. (-1 Apt)


Message History

The polar bear is moderately wounded.
Your transformation is almost over.
The polar bear is stunned by your conviction and fails to attack.
The wolf howls!
You punch the polar bear!
The polar bear is heavily wounded.
A wolf comes into view.
The spriggan rider barely misses you. The polar bear bites you!
You focus your inner power and illuminate the polar bear in retribution!
The polar bear closely misses you. The polar bear misses you.
The wolf howls!
You pummel the polar bear!! You freeze the polar bear.
You kill the polar bear!
The spriggan rider hits you from afar with a +0 spear!!
The boggart begins to cast a spell, but is stunned by your conviction!
The spriggan rider barely misses you.
The boggart gestures wildly while chanting.
The hornet closely misses you.
The spriggan rider is stunned by your conviction and fails to attack.
The boggart misses you.
You barely miss the boggart. The hornet barely misses you.
The spriggan rider hits you with a +0 spear!
The boggart is stunned by your conviction and fails to attack.
You barely miss the boggart. The hornet stings you.
You suddenly lose the ability to move!
You focus your inner power and blind the hornet in retribution!
The spriggan rider hits you but does no damage.
The hornet stings you.
The boggart begins to cast a spell, but is stunned by your conviction!
The hornet stings you.
The spriggan rider hits you with a +0 spear!!
* * * LOW HITPOINT WARNING * * *
The boggart hits you.
* * * LOW HITPOINT WARNING * * *
The hornet stings you!
* * * LOW HITPOINT WARNING * * *
You feel yourself slow down.
The boggart hits you but does no damage.
The spriggan rider hits you with a +0 spear!!
You die...

♣♣♣♣♣♣♣ ♣♣♣
♣♣♣♣♣?..).♣♣♣♣
..♣♣♣♣.....♣♣♣...y♣♣♣...
♣♣.†...♣♣♣♣♣ ♣♣♣YiS...♣
♣♣♣♣♣..♣ ♣♣gh...♣ ♣
♣♣..♣ h.....♣ ♣ .♣♣...
.♣♣.... ♣ .♣ ♣♣... ♣♣
♣... ♣ .. ♣♣ ♣♣♣ # ♣. ♣
♣. .# ♣


You could see a spriggan rider, a hornet (blind), a water moccasin (summoned), 2
wolves and a boggart.

Vanquished Creatures
  Josephine (D:11)
  A boulder beetle (D:12)
  6 hydras
  A catoblepas (Lair:5)
  5 two-headed ogres
  A shock serpent (Lair:4)
  A lindwurm (Lair:5)
  2 manticores
  A cyclops (D:12)
  Maurice (D:8)
  Joseph (D:8)
  11 elephants
  A centaur zombie (D:11)
  4 black mambas
  12 cane toads
  A gargoyle (D:12)
  2 torpor snails
  An unseen horror (D:10)
  11 rime drakes
  4 komodo dragons
  3 trolls
  2 polar bears
  3 hornets
  10 blink frogs
  2 shadows
  2 spriggans (Lair:6)
  A water elemental (D:11)
  5 basilisks
  6 wraiths (D:11)
  29 yaks
  8 wyverns (Lair:4)
  5 vampire mosquitoes (D:11)
  Grum (D:8)
  2 swamp worms (Lair:2)
  An acid dragon (D:10)
  10 water moccasins
  5 orc warriors
  4 black bears
  A sky beast (D:6)
  A hornet zombie (D:6)
  A necrophage (D:7)
  8 wolves
  An ogre (D:6)
  7 centaurs
  3 phantoms
  2 kobold brigands
  9 bullfrogs
  4 scorpions
  2 elephant simulacra (Lair:4)
  A killer bee (D:8)
  8 wights
  3 electric eels (D:11)
  8 howler monkeys
  7 orc priests
  2 bullfrog skeletons
  A hound (D:5)
  3 gnoll shamans
  A jelly (D:4)
  Terence (D:3)
  12 orc wizards
  4 iguanas
  A scorpion zombie (D:5)
  4 hell rats (Lair:4)
  A hound zombie (D:5)
  10 gnolls
  A howler monkey skeleton (D:4)
  7 adders
  A shadow imp (D:5)
  A white imp (D:6)
  An ufetubus (D:5)
  4 worms
  A dart slug (D:2)
  52 orcs
  4 bats
  5 endoplasms
  2 giant cockroaches
  13 hobgoblins
  10 jackals
  4 quokkas
  4 ball pythons
  A frilled lizard (D:2)
  12 goblins
  14 kobolds
  6 rats
416 creatures vanquished.

Vanquished Creatures (others)
  A cane toad (Lair:5)
  A komodo dragon (Lair:3)
  A hell rat (Lair:4)
  A bush (Lair:4)
  A butterfly (D:6)
  28 fungi
  63 plants
  2 withered plants (D:12)
98 creatures vanquished.

Grand Total: 514 creatures vanquished

Notes
Turn   | Place    | Note
-------+----------+-------------------------------------------
     0 | D:1      | MisterFreud the Draconian Transmuter began the quest for
                  | the Orb.
     0 | D:1      | Reached XP level 1. HP: 16/16 MP: 3/3
   240 | D:1      | Reached XP level 2. HP: 18/23 MP: 5/5
   448 | D:1      | Found a faded altar of an unknown god.
   455 | D:1      | Reached skill level 2 in Dodging
  1336 | D:2      | Reached XP level 3. HP: 19/28 MP: 6/6
  2146 | D:2      | Found a sparkling altar of Nemelex Xobeh.
  2162 | D:2      | Reached XP level 4. HP: 35/35 MP: 7/7
  2839 | D:3      | Noticed Terence
  2852 | D:3      | Killed Terence
  2983 | D:3      | Found a radiant altar of Vehumet.
  3142 | D:3      | Learned a level 2 spell: Wereblood
  3146 | D:3      | Learned a level 3 spell: Spider Form
  3236 | D:3      | Found a hide-covered altar of Uskayaw.
  3697 | D:4      | Noticed a phantom
  3713 | D:4      | Killed a phantom
  3714 | D:4      | Reached skill level 5 in Transmutations
  3714 | D:4      | Reached XP level 5. HP: 22/44 MP: 5/8
  3904 | D:4      | Noticed a black bear
  3919 | D:4      | Killed a black bear
  3920 | D:4      | Reached XP level 6. HP: 7/52 MP: 6/9
  4222 | D:5      | Entered Level 5 of the Dungeon
  4235 | D:5      | HP: 1/52 [quokka (3)]
  5107 | D:5      | Reached skill level 5 in Unarmed Combat
  5112 | D:5      | Your scales start taking on a lurid green colour.
  5112 | D:5      | Reached XP level 7. HP: 41/59 MP: 7/10
  5112 | D:5      | Gained mutation: Your system is resistant to poisons.
                  | (rPois) [Green Draconian growth]
  5475 | D:4      | Found an iron altar of Okawaru.
  5895 | D:4      | Found a stormy altar of Qazlal.
  6504 | D:5      | Reached skill level 3 in Dodging
  7505 | D:6      | Reached skill level 4 in Dodging
  7830 | D:6      | Found a white marble altar of Elyvilon.
  7885 | D:6      | Found a glowing silver altar of Zin.
  7934 | D:6      | Reached skill level 5 in Dodging
  7934 | D:6      | Reached XP level 8. HP: 53/66 MP: 11/11
  8242 | D:6      | Reached skill level 6 in Dodging
  8763 | D:6      | Learned a level 4 spell: Ice Form
  8953 | D:6      | Found a sacrificial altar of Ru.
  8962 | D:6      | Reached skill level 1 in Ice Magic
  8970 | D:6      | Became a worshipper of Ru the Awakened
  9100 | D:7      | Found a staircase to the Ecumenical Temple.
  9244 | D:7      | Found an opulent altar of Gozag.
  9256 | D:7      | Reached XP level 9. HP: 71/71 MP: 12/12
  9562 | D:7      | Found Qesenut's Jewellery Emporium.
  9747 | D:7      | Found a basalt altar of Yredelemnul.
  9963 | D:8      | Noticed Joseph
 10000 | D:8      | Killed Joseph
 10113 | D:8      | Noticed Grum
 10320 | D:8      | Noticed a two-headed ogre
 10528 | D:7      | Reached skill level 5 in Fighting
 10529 | D:7      | Gained mutation: You are hated by all. [Ru sacrifice]
 10529 | D:7      | Reached * piety under Ru
 10529 | D:7      | Reached ** piety under Ru
 10659 | D:8      | Noticed Maurice
 10739 | D:8      | Killed Maurice
 10740 | D:8      | Reached XP level 10. HP: 71/83 MP: 13/16
 10758 | D:8      | Found a glowing golden altar of the Shining One.
 10830 | D:8      | Killed Grum
 10966 | D:8      | Killed a two-headed ogre
 11349 | D:9      | Noticed a two-headed ogre
 11398 | D:9      | Paralysed by a hornet for 3 turns
 11465 | D:9      | Killed a two-headed ogre
 11577 | D:9      | Identified the +6 falchion of a Gauntlet {vorpal, Int+3
                  | Stlth+}
 11636 | D:9      | Found a staircase to the Lair.
 11742 | D:9      | Found a shadowy altar of Dithmenos.
 11990 | D:10     | Entered Level 10 of the Dungeon
 12237 | D:10     | Noticed MisterFreud's ghost (novice GnDe)
 12238 | D:10     | Noticed a lich
 12238 | D:10     | Noticed a fire dragon
 12238 | D:10     | Noticed a deep troll
 12263 | D:10     | Reached skill level 10 in Unarmed Combat
 12279 | D:10     | Gained mutation: You are somewhat unskilled. (-1 Apt) [Ru
                  | sacrifice]
 12279 | D:10     | Reached *** piety under Ru
 12388 | D:10     | Found a runed translucent door.
 12644 | D:10     | Found a runed translucent door.
 12646 | D:10     | Noticed a death knight
 12646 | D:10     | Noticed a necromancer
 12671 | D:10     | Noticed a moth of wrath
 12674 | D:10     | Found a bloodstained altar of Trog.
 12855 | D:9      | Reached XP level 11. HP: 89/92 MP: 11/16
 13710 | D:12     | Reached skill level 7 in Dodging
 13747 | D:12     | Found a runed translucent gate.
 13747 | D:12     | Found a runed translucent gate.
 13748 | D:12     | Found a runed translucent gate.
 13751 | D:12     | Noticed diceflayer's ghost (journeyman MiFi)
 13752 | D:12     | Noticed Waash's ghost (journeyman DECj)
 13753 | D:12     | Noticed Qihutwil's ghost (novice PaEE)
 13753 | D:12     | Noticed Ycigyrier's ghost (journeyman HOFi)
 14237 | D:11     | Noticed a two-headed ogre
 14248 | D:11     | Killed a two-headed ogre
 14459 | D:11     | Noticed Josephine
 14468 | D:11     | Killed Josephine
 14469 | D:11     | Reached skill level 8 in Dodging
 14623 | D:11     | Noticed a two-headed ogre
 14630 | D:11     | Killed a two-headed ogre
 14631 | D:11     | Reached skill level 10 in Unarmed Combat
 14633 | D:11     | Reached skill level 9 in Dodging
 14858 | D:12     | Found a staircase to the Orcish Mines.
 14859 | D:12     | Noticed an eight-headed hydra
 14861 | D:12     | Reached skill level 10 in Dodging
 14872 | D:12     | Killed an eight-headed hydra
 14951 | D:12     | Noticed a boulder beetle
 14969 | D:12     | Killed a boulder beetle
 14970 | D:12     | Reached skill level 11 in Dodging
 15130 | D:12     | Noticed a two-headed ogre
 15138 | D:12     | Killed a two-headed ogre
 15139 | D:12     | Reached XP level 12. HP: 78/101 MP: 14/18
 15727 | Lair:1   | Entered Level 1 of the Lair of Beasts
 16032 | Lair:1   | HP: 4/123 [cane toad (12)]
 16429 | Lair:1   | Reached skill level 12 in Dodging
 16834 | Lair:2   | Found a staircase to the Swamp.
 17789 | D:7      | Bought a +4 ring of slaying for 936 gold pieces
 17939 | Swamp:1  | Entered Level 1 of the Swamp
 17988 | Lair:3   | Noticed an eight-headed hydra
 17994 | Lair:3   | Killed an eight-headed hydra
 18035 | Lair:3   | Found a white marble altar of Elyvilon.
 18253 | Lair:3   | Noticed a five-headed hydra
 18264 | Lair:3   | Killed a five-headed hydra
 18268 | Lair:3   | Reached skill level 10 in Fighting
 18702 | Lair:3   | Reached XP level 13. HP: 113/113 MP: 14/19
 18853 | Lair:3   | Reached skill level 13 in Dodging
 19044 | Lair:4   | Found a sacrificial altar of Ru.
 19174 | Lair:4   | Found a runed translucent gate.
 19175 | Lair:4   | Found a runed translucent gate.
 19175 | Lair:4   | Noticed Plog's ghost (journeyman GrBe)
 19176 | Lair:4   | Found a runed translucent gate.
 19180 | Lair:4   | Found a hole to the Spider Nest.
 20195 | Lair:5   | HP: 5/135 [bullfrog (5)]
 20195 | Lair:5   | HP: 2/135 [bullfrog (3)]
 20280 | Lair:5   | Gained mutation: You cannot study or cast Fire magic. [Ru
                  | sacrifice]
 20280 | Lair:5   | Gained mutation: You cannot study or cast Hexes magic. [Ru
                  | sacrifice]
 20280 | Lair:5   | Gained mutation: You cannot study or cast Necromancy magic.
                  | [Ru sacrifice]
 20280 | Lair:5   | Reached **** piety under Ru
 20882 | Lair:5   | Found a runed translucent door.
 21226 | Lair:5   | Reached skill level 14 in Dodging
 21323 | Lair:6   | Entered Level 6 of the Lair of Beasts
 21397 | Lair:5   | HP: 4/135 [yak[a torpor snail] (6)]
 21748 | Lair:6   | Paralysed by a hornet for 2 turns
 21750 | Lair:6   | Slain by a spriggan rider

Illustrated notes

Levels and vault maps discovered:
D:1:      grunt_arrival_lava_bath, layout_basic, shapermc_ecumenical_altar_venn
D:2:      layout_basic, basic_altar
D:3:      layout_loops_ring, mainiacjoe_overflow_paths,
          nicolae_vehumet_altar_sigil, corner_web_ring, kennysheep_nub,
          uniq_terence
D:4:      kennysheep_the_goblin_king, layout_gridville, grunt_qazlal_clouds,
          okawaru_gym_becter, minmay_misc_feat_doors, minmay_bisected
D:5:      layout_loops_corners
D:6:      kennysheep_six_static_rooms, layout_rooms,
          nicolae_elyvilon_peaceful_grove, zin_scriptorium, hangedman_ru_absence
D:7:      layout_loops_ring, mainiacjoe_overflow_big_doors,
          minmay_temple_entry_junction_2, serial_shops, nicolae_stop_n_shop_2
D:8:      layout_cave_pools, lemuel_tele_altar, kennysheep_mini_moat,
          wad_floor_pattern_untrapped, minmay_manual_moon, uniq_maurice,
          uniq_joseph, uniq_grum
D:9:      layout_basic, nicolae_dithmenos_shadow_blocks, dpeg_oklobed_lair
D:10:     layout_irregular_city, tgw_trog, muffindrake_ghost_dual_entry,
          serial_bayou_ford_a, corexii_corridor_pit, minmay_hedge_maze,
          lightli_orcish_oven
D:11:     layout_basic, uniq_josephine
D:12:     layout_loops_corners, david_orc_2, gammafunk_ghost_cemetery,
          item_on_display_a
Lair:1:   layout_cave_shapes, serial_bayou_shore_a
Lair:2:   layout_small_grid, minmay_swamp_entry_worms
Lair:3:   layout_chaotic_city, lemuel_altar_in_water2,
          nicolae_quartered_pool_super
Lair:4:   layout_roguey [special_room_mythical_zoo],
          nicolae_spider_entry_orb_guardian,
          portal_ice_cave_entry_ice_simulacra, gammafunk_ghost_hydra_chop,
          basic_altar, chequers_serial_rivers_micro_a, st_stairs_8,
          wad_woods_river_03
Lair:5:   layout_small_grid, pf_torpor_hydra
Lair:6:   minmay_lair_end_enchanted_forest, layout_loops_ring, slime_altar_1,
          grunt_forest_small_clearings, uniq_rupert
Swamp:1:  layout_falls_marsh, nicolae_swamp_fairy_circle

Skill      XL: |  1  2  3  4  5  6  7  8  9 10 11 12 13 |
---------------+----------------------------------------+-----
Dodging        | 2 5 6 11 12 14 | 14.2
Transmutations | 3 5 7 8 7 8 |  8.0
Fighting       | 2 3 4 6 7 8 10 | 10.0
Unarmed Combat | 5 6 7 9 10 11 13 | 13.3
Ice Magic      | 2 4 3 4 |  4.0
Spellcasting   | 4 3 4 |  4.0

Action                   |  1- 3 |  4- 6 |  7- 9 | 10-12 | 13-15 || total
-------------------------+-------+-------+-------+-------+-------++-------
Melee: Unarmed           |   167 |   136 |   535 |   618 |   279 ||  1735
       Punch             |     7 |     3 |    14 |    20 |     4 ||    48
       Tailslap          |    21 |    11 |    77 |    51 |     7 ||   167
       Kick              |       |    16 |     1 |       |       ||    17
       Headbutt          |       |     4 |     1 |       |       ||     5
Throw: Dart              |       |     1 |       |       |       ||     1
 Cast: Beastly Appendage |       |    12 |     2 |     3 |     2 ||    19
       Spider Form       |       |     7 |     8 |     8 |     2 ||    25
       Ice Form          |       |       |     3 |    33 |    21 ||    57
Invok: Sacrifice Love    |       |       |     1 |       |       ||     1
       Sacrifice Skill   |       |       |       |     1 |       ||     1
       Sacrifice Arcana  |       |       |       |       |     1 ||     1
 Abil: End Transformatio |       |     2 |     1 |     1 |       ||     4
       Breathe Noxious F |       |       |    24 |    21 |     4 ||    49
Evoke: Wand              |       |       |       |       |     7 ||     7
  Use: Potion            |       |     4 |     1 |     1 |     1 ||     7
       Scroll            |       |       |    13 |    11 |     1 ||    25
 Stab: Sleeping          |     1 |       |       |     3 |     2 ||     6
       Confused          |       |       |    12 |    29 |     2 ||    43
       Distracted        |       |       |       |     1 |       ||     1
       Invisible         |       |       |       |     1 |     1 ||     2
Armor: Skin              |    45 |    37 |   163 |   164 |    55 ||   464
Dodge: Dodged            |    92 |   102 |   295 |   436 |   256 ||  1181
